 Dungeon Crawl Stone Soup version 0.19.1 (webtiles) character file.

22728 Jerry the Protected (level 13, -3/53 HPs)
             Began as a Vine Stalker Artificer on Dec 25, 2016.
             Was the Champion of Okawaru.
             Killed by divine providence
             ... invoked by Saint Roka
              (11 damage)
             ... on level 2 of the Orcish Mines.
             The game lasted 01:06:49 (13145 turns).

Jerry the Protected (Vine Stalker Artificer)       Turns: 13145, Time: 01:06:50

Health: -3/53      AC: 22    Str: 18    XL:     13   Next: 2%
Magic:  0/18       EV:  7    Int: 11    God:    Okawaru [******]
Gold:   1221       SH:  5    Dex: 17    Spells: 1 memorised, 4 levels left

rFire  . . .     SeeInvis .     r - +4 short sword (speed)
rCold  . . .     Gourm    .     X - +0 plate armour
rNeg   . . .     Faith    .     (no shield)
rPois  +         Spirit   +     S - +1 hat
rElec  .         Reflect  +     j - +1 cloak
rCorr  .         Harm     .     (no gloves)
MR     ++...                    W - +0 pair of boots
Stlth  ..........               K - +5 amulet of reflection
                                b - ring of protection from magic
                                s - ring of poison resistance

@: no status effects
A: fangs 3, hooves 1, slimy green scales 1, frail 1, regeneration 2, magic
shield, antimagic bite, no device heal 3, rot immunity
a: Heroism, Finesse, Renounce Religion


You were on level 2 of the Orcish Mines.
You worshipped Okawaru.
Okawaru was exalted by your worship.
You were not hungry.

You visited 3 branches of the dungeon, and saw 15 of its levels.

You collected 1323 gold pieces.
You spent 102 gold pieces at shops.

Inventory:

Hand Weapons
 r - a +4 short sword of speed (weapon)
 M - a +3 quick blade
Missiles
 p - 31 tomahawks (quivered)
Armour
 j - a +1 cloak (worn)
 S - a +1 hat (worn)
 U - a +0 buckler
 W - a +0 pair of boots (worn)
 X - a +0 plate armour (worn)
Jewellery
 b - a ring of protection from magic (right hand)
 s - a ring of poison resistance (left hand)
 J - an uncursed amulet of the gourmand
 K - a +5 amulet of reflection (around neck)
 O - an uncursed ring of flight
Wands
 c - a wand of flame (10/48)
 d - a wand of enslavement (14/24)
 e - a wand of random effects (0/48)
 m - a wand of lightning (7/15)
 q - a wand of paralysis (14/24)
 C - a wand of confusion (15/48)
 Q - a wand of digging (4/24)
 R - a wand of lightning (1/15)
 Y - a wand of flame (22/48)
Scrolls
 a - 2 scrolls of remove curse
 l - 3 scrolls of immolation
 n - a scroll of fear
 u - a scroll of identify
 w - 4 scrolls of enchant weapon
 x - 3 scrolls of magic mapping
 y - 5 scrolls of teleportation
 A - a scroll of recharging
 H - 6 scrolls of amnesia
 I - 4 scrolls of enchant armour
 P - a scroll of acquirement
Potions
 g - 3 potions of lignification
 o - a potion of magic
 v - 3 potions of brilliance
 z - 6 potions of curing
 B - 3 potions of flight {unknown}
 G - 2 potions of cure mutation {unknown}
 L - 2 potions of invisibility {unknown}
 T - a potion of ambrosia {unknown}
Comestibles
 f - 6 bread rations
 h - 12 chunks of flesh
 i - 8 meat rations
 k - 2 royal jellies
 t - 20 fruits
 F - 6 slices of pizza
 Z - 2 beef jerkies


   Skills:
 - Level 2.6 Fighting
 + Level 11.8 Short Blades
 + Level 12.0 Armour
 - Level 1.5 Dodging
 - Level 2.1 Stealth
 - Level 6.4 Invocations
 - Level 5.7 Evocations


You had 4 spell levels left.
You knew the following spells:

 Your Spells              Type           Power        Failure   Level  Hunger
a - Necromutation         Tmut/Necr      #.........   100%        8    #######


Dungeon Overview and Level Annotations

Branches:
Dungeon (12/15)            Temple (1/1) D:6            Lair (0/6) D:10
    Orc (2/2) D:11
    Elf: Orc:2

Altars:
Ashenzari
Cheibriados
Dithmenos
Elyvilon
Fedhas
Gozag
Hepliaklqana
Kikubaaqudgha
Makhleb
Nemelex Xobeh
Okawaru
Qazlal
Ru
Sif Muna
Trog
Uskayaw
Vehumet
Xom
Yredelemnul
Zin
The Shining One

Shops:
D:6 (   D:8 *

Annotations:
D:10 Sonja
Orc:2 Saint Roka


Innate Abilities, Weirdness & Mutations

You have razor-sharp teeth.
You heal very quickly.
When hurt, damage is shared between your health and your magic reserves.
Your bite disrupts and absorbs the magic of your enemies.
Potions and wands cannot restore your health.
You are immune to rotting.
You have large cloven feet.
You are partially covered in slimy green scales. (AC +2)
You are frail. (-10% HP)


Message History

Aim: Saint Roka, wielding a war axe and wearing a shiny chain mail (chance to defeat MR: 12%)
Okay, then.
Okay, then.
Saint Roka calls down the wrath of Beogh upon you.
Beogh smites you!
Saint Roka roars a battlecry!
The orc goes into a battle-frenzy!
Saint Roka mumbles some strange prayers to Beogh against you.
Beogh smites you!
Saint Roka mumbles some strange prayers to Beogh against you.
Beogh smites you!
Saint Roka invokes the aid of Beogh against you.
Beogh smites you!
* * * LOW HITPOINT WARNING * * *
Saint Roka mumbles some strange prayers to Beogh against you.
Beogh smites you!
* * * LOW HITPOINT WARNING * * *
Saint Roka calls down the wrath of Beogh upon you.
Beogh smites you!
You die...

#..........#.........))))#
##.#.................))###
###.................))#
##...................##
###................#)...#
###.#............o.).))..## .
##....#$..........o...#.#.# #.
#..^.......................###
##..#........@..............#
###.......................##
###...............#.....##
##.......(.()............#
##.....)....).)............
#...#.......(<..(.........
#...##..................
##.####................. ###
##.............


You could see Saint Roka and an orc.

Vanquished Creatures
  Josephine (Orc:2)
  A hydra (D:8)
  3 orc high priests
  An unseen horror (D:10)
  4 hill giants
  2 orc sorcerers (Orc:2)
  An ugly thing (D:11)
  2 cyclopes
  Maurice (Orc:2)
  An elephant (D:10)
  A centaur skeleton (D:10)
  5 trolls
  A two-headed ogre (D:10)
  2 dream sheep (D:8)
  A meliai zombie (D:12)
  2 hippogriffs
  4 wraiths (Orc:1)
  10 yaks
  Eustachio (D:4)
  A basilisk (D:11)
  2 hungry ghosts
  Edmund (D:6)
  2 wargs
  A mottled dragon (D:11)
  A water moccasin (D:7)
  24 orc warriors
  2 sky beasts
  6 ice beasts
  11 ogres
  2 necrophages
  7 centaurs
  2 crocodiles
  8 big kobolds
  A wyvern zombie (D:10)
  5 bullfrogs
  A gnoll sergeant (D:10)
  4 scorpions
  5 killer bees (D:10)
  5 wights (D:7)
  A howler monkey (D:6)
  5 crimson imps
  2 quasits
  A bullfrog zombie (D:5)
  8 hounds
  16 orc priests
  3 bullfrog skeletons
  Crazy Yiuf (D:5)
  2 jellies
  11 orc wizards
  Natasha (thrice) (D:3)
  6 iguanas
  10 worker ants
  A hound zombie (D:11)
  A hound skeleton (D:6)
  A worker ant zombie (D:10)
  9 adders
  7 gnolls (D:10)
  2 shadow imps
  An ooze (D:3)
  An adder zombie (D:5)
  4 worms
  2 dart slugs
  6 leopard geckos
  53 orcs
  8 giant cockroaches
  6 hobgoblins
  11 jackals
  5 quokkas
  A ball python (D:2)
  4 bats
  3 frilled lizards
  5 goblins
  A jackal skeleton (D:8)
  31 kobolds
  A leopard gecko zombie (D:7)
  8 rats
376 creatures vanquished.

Vanquished Creatures (collateral kills)
  An orc sorcerer (Orc:1)
  An ugly thing (D:9)
  A warg (Orc:1)
  4 orc warriors
  An orc priest (D:9)
  An orc wizard (D:9)
  An orc (D:9)
  A hobgoblin (D:2)
  2 kobolds (D:9)
13 creatures vanquished.

Vanquished Creatures (others)
  An orc sorcerer (Orc:1)
  A wyvern (D:9)
  Jessica (D:4)
  9 fungi
12 creatures vanquished.

Grand Total: 401 creatures vanquished

Notes
Turn   | Place    | Note
-------+----------+-------------------------------------------
     0 | D:1      | Jerry the Vine Stalker Artificer began the quest for the Orb.
     0 | D:1      | Reached XP level 1. HP: 9/9 MP: 3/3
   200 | D:1      | Reached skill level 1 in Short Blades
   367 | D:1      | Reached skill level 1 in Fighting
   374 | D:1      | Reached XP level 2. HP: 12/14 MP: 5/5
   792 | D:1      | Reached skill level 1 in Armour
  1045 | D:1      | Reached XP level 3. HP: 17/18 MP: 6/6
  1733 | D:2      | Gained mutation: Your natural rate of healing is unusually fast. [Vine Stalker growth]
  1733 | D:2      | Reached XP level 4. HP: 23/23 MP: 7/7
  2081 | D:3      | Noticed Natasha
  2090 | D:3      | Killed Natasha
  2452 | D:3      | Noticed Natasha
  2474 | D:3      | Killed Natasha
  2474 | D:3      | Reached XP level 5. HP: 17/27 MP: 6/8
  2643 | D:3      | Noticed Natasha
  2653 | D:3      | Killed Natasha
  2653 | D:3      | Reached skill level 2 in Armour
  2949 | D:4      | Found a deep blue altar of Sif Muna.
  2949 | D:4      | Noticed Jessica
  2954 | D:4      | Noticed Eustachio
  2970 | D:4      | Your ally died
  3027 | D:4      | Got a translucent falchion
  3028 | D:4      | Identified the +2 falchion of Fedhas's Hope {drain, *Rage rN+ Str+4} (You found it on level 4 of the Dungeon)
  3118 | D:4      | Reached XP level 6. HP: 32/32 MP: 9/9
  3275 | D:4      | Killed Eustachio
  3275 | D:4      | Reached skill level 3 in Armour
  3406 | D:5      | Entered Level 5 of the Dungeon
  3406 | D:5      | Noticed a necrophage
  3431 | D:5      | Reached XP level 7. HP: 31/35 MP: 10/10
  3659 | D:5      | Reached skill level 4 in Armour
  3660 | D:5      | Found a sparkling altar of Nemelex Xobeh.
  3664 | D:5      | Gained mutation: You are frail. (-10% HP) [mutagenic meat]
  3665 | D:5      | Gained mutation: You are dopey. (Int -2) [mutagenic meat]
  3666 | D:5      | Lost mutation: You are dopey. (Int -2) [mutagenic meat]
  3667 | D:5      | Gained mutation: You are partially covered in rugged brown scales. (AC +1, +3% HP) [mutagenic meat]
  3668 | D:5      | Lost mutation: You are partially covered in rugged brown scales. (AC +1, +3% HP) [mutagenic meat]
  3865 | D:5      | Gained mutation: You have razor-sharp teeth. [Vine Stalker growth]
  3865 | D:5      | Reached XP level 8. HP: 35/35 MP: 11/11
  4065 | D:5      | Reached skill level 5 in Short Blades
  4105 | D:5      | Found a runed door.
  4109 | D:5      | Noticed Crazy Yiuf
  4119 | D:5      | Killed Crazy Yiuf
  4262 | D:6      | Found a staircase to the Ecumenical Temple.
  4269 | Temple   | Entered the Ecumenical Temple
  4361 | Temple   | Became a worshipper of Warmaster Okawaru
  4424 | D:6      | Found a shattered altar of Ashenzari.
  4443 | D:6      | Found Erpha Tor's Weapon Shoppe.
  4635 | D:6      | Reached skill level 5 in Armour
  4673 | D:6      | Noticed Edmund
  4679 | D:6      | Killed Edmund
  4679 | D:6      | Reached skill level 5 in Evocations
  4775 | D:6      | Reached * piety under Okawaru
  4906 | D:6      | Reached XP level 9. HP: 38/38 MP: 14/14
  5011 | D:6      | Found a bloodstained altar of Trog.
  5209 | D:7      | Reached skill level 1 in Invocations
  5354 | D:7      | Reached skill level 6 in Armour
  5364 | D:7      | Reached ** piety under Okawaru
  5459 | D:7      | Got a polished dagger
  5460 | D:7      | Identified the cursed +1 dagger "Kareac" {pierce, *Noise rN++} (You found it on level 7 of the Dungeon)
  5554 | D:7      | Found a shimmering altar of Xom.
  5554 | D:7      | Found an ancient bone altar of Kikubaaqudgha.
  5853 | D:7      | Found a white marble altar of Elyvilon.
  6449 | D:8      | Found a blossoming altar of Fedhas.
  6509 | D:8      | Found a glowing silver altar of Zin.
  6629 | D:8      | Found Ryduopt's General Store.
  6632 | D:8      | Bought a scroll of enchant armour for 90 gold pieces
  6632 | D:8      | Bought a potion of degeneration for 12 gold pieces
  6664 | D:8      | Reached skill level 7 in Armour
  6669 | D:8      | Reached *** piety under Okawaru
  6669 | D:8      | Reached XP level 10. HP: 10/42 MP: 12/15
  6684 | D:8      | Reached skill level 5 in Invocations
  6722 | D:8      | Noticed a three-headed hydra
  6732 | D:8      | Killed a three-headed hydra
  6732 | D:8      | Reached **** piety under Okawaru
  6935 | D:8      | Gained mutation: You have large cloven feet. [mutagenic meat]
  7004 | D:8      | Found a hazy altar of Hepliaklqana.
  7087 | D:8      | Reached skill level 8 in Armour
  7259 | D:8      | Found a hide-covered altar of Uskayaw.
  7768 | D:9      | Found a faded altar of an unknown god.
  7768 | D:9      | Found a faded altar of an unknown god.
  7775 | D:9      | Found a faded altar of an unknown god.
  7817 | D:9      | Found a faded altar of an unknown god.
  7818 | D:9      | Found a stormy altar of Qazlal.
  7984 | D:9      | Reached ***** piety under Okawaru
  8016 | D:9      | Noticed a brown ugly thing
  8032 | D:9      | Killed a brown ugly thing
  8541 | D:10     | Entered Level 10 of the Dungeon
  8635 | D:10     | Reached XP level 11. HP: 42/45 MP: 16/16
  8656 | D:10     | Reached skill level 9 in Armour
  8771 | D:10     | Noticed Sonja
  8789 | D:10     | Found a staircase to the Lair.
  9099 | D:10     | Killed an unseen horror
  9099 | D:10     | Received a gift from Okawaru
  9339 | D:10     | Noticed a hill giant
  9343 | D:10     | Noticed a hill giant
  9370 | D:10     | Killed a hill giant
  9397 | D:10     | Killed a hill giant
  9459 | D:10     | Noticed a hill giant
  9702 | D:10     | Killed a hill giant
  9702 | D:10     | Reached skill level 10 in Armour
  9870 | D:10     | Identified 2 scrolls of acquirement
 10092 | D:11     | Noticed a white ugly thing
 10133 | D:11     | Killed a white ugly thing
 10143 | D:11     | Gained mutation: You are partially covered in slimy green scales. (AC +2) [mutagenic meat]
 10369 | D:11     | Found a staircase to the Orcish Mines.
 10781 | D:12     | Learned a level 8 spell: Necromutation
 10796 | D:12     | Noticed a hill giant
 10810 | D:12     | Killed a hill giant
 10810 | D:12     | Received a gift from Okawaru
 10981 | D:12     | Gained mutation: You heal very quickly. [Vine Stalker growth]
 10981 | D:12     | Reached XP level 12. HP: 48/50 MP: 17/17
 10988 | D:12     | Reached skill level 10 in Short Blades
 11390 | Orc:1    | Entered Level 1 of the Orcish Mines
 11627 | Orc:1    | Found a bloodstained altar of Trog.
 12177 | Orc:2    | Entered Level 2 of the Orcish Mines
 12177 | Orc:2    | Noticed Josephine
 12253 | Orc:2    | Noticed an orc warlord
 12254 | Orc:2    | Reached skill level 11 in Armour
 12256 | Orc:2    | Noticed an orc high priest
 12259 | Orc:2    | Was placed under penance by Okawaru
 12278 | Orc:1    | Killed an orc high priest
 12390 | Orc:1    | Was forgiven by Okawaru
 12410 | Orc:1    | Received a gift from Okawaru
 12411 | Orc:1    | Got a shimmering shortbow {god gift}
 12412 | Orc:1    | Identified the +7 shortbow of Dismemberment {venom, *Corrode +Fly Str+5 SInv} (Okawaru gifted it to you on level 1 of the Orcish Mines)
 12667 | Orc:2    | Killed Josephine
 12744 | Orc:2    | Noticed Saint Roka
 12774 | Orc:2    | Noticed Maurice
 12882 | Orc:2    | Noticed an orc high priest
 12891 | Orc:2    | Noticed a sun demon
 12893 | Orc:2    | Killed an orc high priest
 12913 | Orc:2    | Killed Maurice
 12929 | Orc:2    | Noticed an orc high priest
 12955 | Orc:2    | Killed an orc high priest
 12955 | Orc:2    | Reached ****** piety under Okawaru
 13033 | Orc:2    | Reached XP level 13. HP: 35/53 MP: 14/18
 13038 | Orc:2    | Reached skill level 12 in Armour
 13145 | Orc:2    | Killed from afar by Saint Roka

Skill      XL: |  1  2  3  4  5  6  7  8  9 10 11 12 13 |
---------------+----------------------------------------+-----
Short Blades   | 1 2 3 4 5 6 7 9 11 | 11.8
Fighting       | 1 2 |  2.6
Stealth        | 2 |  2.1
Armour         | 1 2 3 4 5 7 8 10 11 12 | 12.0
Evocations     | 3 5 |  5.7
Invocations    | 4 6 |  6.4
Dodging        | |  1.5

Action                   |  1- 3 |  4- 6 |  7- 9 | 10-12 | 13-15 || total
-------------------------+-------+-------+-------+-------+-------++-------
Melee: Short sword       |    10 |       |       |   728 |    29 ||   767
       Whip              |   126 |    80 |   188 |   137 |       ||   531
       Bite              |    31 |    35 |   142 |   617 |     6 ||   831
       Falchion          |       |    25 |   235 |       |       ||   260
       Dagger            |       |       |       |   511 |       ||   511
       Kick              |       |       |       |    72 |       ||    72
       Quick blade       |       |       |       |   237 |       ||   237
       Punch             |       |       |       |     1 |       ||     1
Throw: Tomahawk          |       |       |     2 |     7 |       ||     9
Invok: Heroism           |       |       |       |     3 |       ||     3
Evoke: Wand              |     3 |    12 |     3 |    30 |       ||    48
       Box of beasts     |       |       |       |     2 |       ||     2
  Use: Scroll            |       |     7 |     8 |     9 |       ||    24
       Potion            |       |       |     1 |     3 |       ||     4
 Stab: Sleeping          |     2 |       |     1 |     1 |       ||     4
       Confused          |       |       |       |     7 |       ||     7
       Distracted        |       |       |       |     2 |       ||     2
  Eat: Chunk             |     3 |     5 |    17 |    26 |       ||    51
       Beef jerky        |       |       |       |     2 |       ||     2
       Fruit             |       |       |       |     2 |       ||     2
       Pizza             |       |       |       |     1 |       ||     1
Armor: Leather armour    |    15 |       |       |       |       ||    15
       Chain mail        |    65 |    74 |   171 |       |       ||   310
       Ring mail         |       |       |    22 |   224 |       ||   246
       Skin              |       |       |    19 |     6 |       ||    25
       Plate armour      |       |       |       |   187 |     5 ||   192
Dodge: Dodged            |    73 |    36 |   141 |   388 |     2 ||   640
Block: Other             |       |    12 |    69 |   199 |     2 ||   282
       Reflection        |       |       |     2 |     9 |       ||    11
       Rpst.: Falchion   |       |     1 |    25 |       |       ||    26
